 Dungeon Crawl Stone Soup version 0.28-a0-1524-ge72afd5fc6 (webtiles) character file.

Game seed: 9802748413783017884

185 sbbq2022 the Chiller (level 5, -1/35 HPs)
             Began as a Mummy Ice Elementalist on Jan 18, 2022.
             Slain by an orc priest (3 damage)
             ... on level 4 of the Dungeon.
             The game lasted 00:05:20 (4948 turns).

sbbq2022 the Chiller (Mummy Ice Elementalist)       Turns: 4948, Time: 00:05:20

Health: -1/35      AC:  2    Str: 12    XL:     5   Next: 37%
Magic:  3/11       EV: 12    Int: 16    God:
Gold:   140        SH:  0    Dex: 12    Spells: 5/12 levels left

rFire   x . .      SeeInvis .   e - +0 long sword
rCold   + . .      Faith    .   (no shield)
rNeg    + + +      Spirit   .   a - +0 robe
rPois   ∞          Reflect  .   (no helmet)
rElec   .          Harm     .   (no cloak)
rCorr   .          Rampage  .   (no gloves)
Will    .....                   (no boots)
Stlth   ++........              (no amulet)
HPRegen 0.11/turn               (no ring)
MPRegen 0.12/turn               (no ring)

@: freezing walls
A: cold resistance 1, negative energy resistance 3, torment resistance 2, heat
vulnerability 1, no potions
a: no special abilities


You were on level 4 of the Dungeon.
You visited 1 branch of the dungeon, and saw 4 of its levels.

You collected 140 gold pieces.

Inventory:

Hand Weapons
 e - a +0 long sword (weapon)
Armour
 a - a +0 robe (worn)
Scrolls
 b - 2 scrolls of identify {unknown}
 c - a scroll of teleportation {unknown}
 d - 3 scrolls of torment {unknown}
 f - 2 scrolls of fog {unknown}
 g - a scroll of fear {unknown}


   Skills:
 - Level 1.5 Dodging
 - Level 1.5 Stealth
 + Level 4.4 Spellcasting
 * Level 4.9 Ice Magic


You had 5 spell levels left.
You knew the following spells:

 Your Spells              Type           Power      Damage    Failure   Level
a - Freeze                Ice            76%        1d9       1%          1
b - Frozen Ramparts       Ice            38%        1d5       6%          3
c - Ozocubu's Armour      Ice            19%        N/A       6%          3

Your spell library contained the following spells:

 Spells                   Type           Power      Damage    Failure   Level
 Corpse Rot               Necr/Air       6%         N/A       24%         2
 Poisonous Vapours        Pois/Air       6%         N/A       24%         2
 Hailstorm                Conj/Ice       11%        3d5       50%         4
 Olgreb's Toxic Radiance  Pois           3%         N/A       85%         4
 Ozocubu's Refrigeration  Ice            9%         4d6       100%        7
 Ignition                 Fire           1%         3d3       100%        8


Dungeon Overview and Level Annotations

Branches:
Dungeon (4/15)
 Temple: D:4-7

Altars:
Kikubaaqudgha


Innate Abilities, Weirdness & Mutations

You are immune to poison.
Your flesh is cold resistant. (rC+)
You are immune to negative energy. (rN+++)
You are immune to unholy pain and torment.
You are vulnerable to heat. (rF-)
You do not drink.


Message History

Press: ? - help, Shift-Dir - straight line, f - orc wizard
Aim: an orc wizard, wielding a +0 dagger and wearing a +0 robe (lightly wounded)
You freeze the orc wizard.
The orc wizard is moderately wounded.
The wall freezes the orc wizard.
The orc wizard hits you with a +0 dagger.
* * * LOW HITPOINT WARNING * * *
Casting: Freeze (safe; 2% risk of failure)
Confirm with . or Enter, or press ? or * to list all spells.
Aiming: Freeze (safe; 2% risk of failure)
Press: ? - help, Shift-Dir - straight line, f/p - orc wizard
Aim: an orc wizard, wielding a +0 dagger and wearing a +0 robe (severely wounded)
You freeze the orc wizard.
You kill the orc wizard!
Unknown command.
Your frozen ramparts will break if you move.
Continue?
The frozen ramparts melt away as you move.
You can't drink.
You aren't carrying any items that you can evoke.
Unknown command.
Casting: Freeze (safe; 1% risk of failure)
Confirm with . or Enter, or press ? or * to list all spells.
Casting: Frozen Ramparts (dangerous; 6% risk of failure)
Press: ? - help, Dir - look around, f - activate The walls around you are covered in ice.
Unknown command.
The wall freezes the orc priest.
The orc priest hits you with a +0 flail.
* * * LOW HITPOINT WARNING * * *
Unknown command.
Casting: Frozen Ramparts (dangerous; 6% risk of failure)
Confirm with . or Enter, or press ? or * to list all spells.
Aiming: Freeze (safe; 1% risk of failure)
Press: ? - help, Shift-Dir - straight line, f - orc priest
Aim: an orc priest, wielding a +0 flail and wearing a +0 chain mail (heavily wounded)
You freeze the orc priest.
The orc priest is severely wounded.
The wall freezes the orc priest.
The orc priest hits you with a +0 flail.
You die...

>....###.#.# .##.. ..###.....# .
.. ....# ##.#......# .. #. ....
...[# ....#.....#... .###.. .
..... ....#......# ..#.###. #....
....#.....### )..#...###....
.....#.###.#.### [..#....#.....
....###.....#...###o).#.....#..#.
.###.#.....(#...@#.###.#....#...#
#.....#.....#....o#...###...###..
.....)#......#....#....#.###.##..
#..>..#.....###...#..>..#...##...
#..!...#.###.#.###.#....#....#...
#.....###.....#...###...#.....#.#
.#.###.#......#....#.###.#....#..
###.....#.....#.....#...###...#..
.#......#......#....#....#.###.#.


You could see an orc priest.

Vanquished Creatures
  An iguana (D:4)
  2 orc wizards
  3 adders
  2 worms (D:2)
  2 dart slugs (D:3)
  5 orcs
  8 ball pythons
  2 bats
  9 endoplasms
  5 giant cockroaches
  4 goblins
  5 hobgoblins
  4 jackals (D:3)
  4 quokkas
  3 frilled lizards
  2 kobolds
  3 rats
64 creatures vanquished.

Vanquished Creatures (others)
  25 plants (D:2)
25 creatures vanquished.

Grand Total: 89 creatures vanquished

Notes
Turn   | Place    | Note
-------+----------+-------------------------------------------
     0 | D:1      | sbbq2022 the Mummy Ice Elementalist began the quest for the
                  | Orb.
     0 | D:1      | Reached XP level 1. HP: 13/13 MP: 4/4
   369 | D:1      | Noticed a great orb of eyes
   376 | D:1      | Found a faded altar of an unknown god.
   377 | D:1      | Noticed a golden eye
   377 | D:1      | Noticed an eye of devastation
   377 | D:1      | Noticed a great orb of eyes
   463 | D:1      | Reached XP level 2. HP: 16/19 MP: 3/6
  1507 | D:2      | Reached XP level 3. HP: 15/24 MP: 0/7
  1664 | D:2      | Learned a level 3 spell: Frozen Ramparts
  1668 | D:2      | Learned a level 3 spell: Ozocubu's Armour
  2591 | D:3      | Noticed a phantom
  2704 | D:2      | Reached XP level 4. HP: 17/30 MP: 5/9
  4154 | D:4      | Found an ancient bone altar of Kikubaaqudgha.
  4853 | D:4      | Reached XP level 5. HP: 35/35 MP: 7/11
  4947 | D:4      | HP: 1/35 [orc priest (5)]
  4948 | D:4      | Slain by an orc priest

Illustrated notes

Levels and vault maps discovered:
D:1:      minmay_arrival_stone_box, layout_loops_ring,
          hellmonk_ecumenical_altar_watching_god, nrook_loot_triangle
D:2:      wad_lake_hut, layout_loops_ring, grunt_ministairs_13
D:3:      layout_rooms, columned_hall_lemuel, minmay_misc_feat_five
D:4:      nicolae_BIG_FREAKIN_CUBE, layout_cave_pools,
          overflow_temple_1_default, solitary_fountain, roderic_serpentine_path,
          uniq_blork_the_orc, uniq_sigmund

Skill      XL: |  1  2  3  4 |
---------------+-------------+-----
Spellcasting   | 3 4 |  4.4
Ice Magic      | 4 |  4.9
Dodging        | |  1.5
Stealth        | |  1.5

Action                   |  1- 3 |  4- 6 || total
-------------------------+-------+-------++-------
Melee: Unarmed           |    57 |       ||    57
       Long sword        |       |    59 ||    59
       Punch             |       |     1 ||     1
 Cast: Freeze            |    58 |    13 ||    71
       Frozen Ramparts   |     1 |     6 ||     7
 Stab: Sleeping          |     3 |     1 ||     4
Armor: Robe              |    12 |    12 ||    24
Dodge: Dodged            |    58 |    50 ||   108

Table legend: (Time is in decaauts)
 A = Elapsed time spent in this place.
 B = Non-inter-level travel time spent in this place.
 C = Inter-level travel time spent in this place.
 D = Time resting spent in this place.
 E = Time spent auto-exploring this place.
 F = Levels seen in this place.
 G = Mean time per level.
                   A        B        C        D        E       F      G
               +--------+--------+--------+--------+--------+-----+--------+
         Total |   5021 |   4820 |    201 |    884 |   3230 |   4 | 1255.2 |
       Dungeon |   5021 |   4820 |    201 |    884 |   3230 |   4 | 1255.2 |
               +--------+--------+--------+--------+--------+-----+--------+

Top non-repeatable levels by time:
     D:2: 1953 daAuts
     D:3: 1263 daAuts
     D:1: 903 daAuts
     D:4: 900 daAuts
